cohdb
Replays
Latest Replays
All Replays
Popular Replays
Top Player Replays
Match Explorer
How It Works
Community
CoH3 Stats
Reddit
Sign in to upload your games and track your stats! →
Sign in with Steam
Match 42680539
Unlisted
Match 42680539
Overview
Messages
Build Orders
End
Selects Special Operations Battlegroup
Selects M29 Weasel Recon Vehicle
Construct Barracks
M29 Weasel Recon Vehicle
Riflemen Squad
Riflemen Squad
Infantry Support Center
Riflemen Squad
Selects Raiding Flares
Grenade Package
M1918 Browning Automatic Rifles
Riflemen Squad
WadoVice
OMEGA_Zero
0
0
Comments
sign in to comment!
No comments posted yet!